AoeStats
← catchchez

Arabia

509545032Analyzed
1v1 RM · 7d ago on Sep 27, 2026· 45m 19s· 2 players
Game mode
Random Map
Map size
Tiny (2 player)
Population
200
Speed
Normal
Resources
Standard
Victory
Conquest
Starting age
Dark Age
Ending age
Imperial Age
RankedLock teamsTeams togetherTeam positionsShared explorationLock speedFull tech treeHidden civsTurbo modeCheats
Victory
Defeat
🇮🇳 Vietnamese · India
679
+13
🇲🇽 Magyars · Mexico
624
-13
Chrissaurio
11:23 Feudal Age
11:56 Double-Bit Axe
11:52 Horse Collar
13:37 Loom
19:36 Scale Barding Armor
26:04 Fletching
36:07 Bloodlines
catchchez
2:15 Loom
11:52 Feudal Age
12:17 Man-at-Arms
14:52 Double-Bit Axe
36:15 Castle Age
42:44 Fletching
Connection lost

Rejoining the realm…

Still unreachable

The connection could not be restored.

Session expired

The server has moved on; the page needs a fresh start.